 Dungeon Crawl Stone Soup version 0.24.0-37-gcf1ca852f1 (webtiles) character file.

Game seed: 3652249867138014830, levelgen mode: deterministic

38574 Delamore the Executioner (level 14, -7/107 HPs)
             Began as a Hill Orc Fighter on Nov 27, 2019.
             Was the Champion of Okawaru.
             Killed from afar by a rime drake (12 damage)
             ... with a flash freeze
             ... on level 5 of the Lair of Beasts.
             The game lasted 00:32:44 (21503 turns).

Delamore the Executioner (Hill Orc Fighter)        Turns: 21503, Time: 00:32:45

Health: -7/107     AC: 18    Str: 33    XL:     14   Next: 2%
Magic:  14/14      EV:  9    Int:  8    God:    Okawaru [******]
Gold:   1118       SH:  5    Dex: 13    Spells: 13/13 levels left

rFire    . . .     SeeInvis .   W - +4 battleaxe (elec)
rCold    . . .     Gourm    .   (shield currently unavailable)
rNeg     . . .     Faith    .   M - +0 shadow dragon scales
rPois    .         Spirit   .   q - +1 helmet
rElec    .         Reflect  +   h - +1 cloak
rCorr    .         Harm     .   L - +0 pair of gloves {Dex+3}
MR       +....                  A - +0 pair of boots
Stlth    ++........             Q - +5 amulet of reflection
HPRegen  0.27/turn              n - +5 ring of strength
MPRegen  0.14/turn              p - +4 ring of strength

@: very slightly contaminated
A: no striking features
a: Heroism, Finesse, Renounce Religion


You were on level 5 of the Lair of Beasts.
You worshipped Okawaru.
Okawaru was exalted by your worship.
You were very hungry.

You visited 3 branches of the dungeon, and saw 18 of its levels.
You also visited: Sewer.

You collected 1118 gold pieces.

Inventory:

Hand Weapons
 P - a +2 hand axe of flaming
 W - a +4 battleaxe of electrocution (weapon)
Missiles
 m - 3 throwing nets
 t - 5 silver javelins
 V - 4 atropa-tipped darts (quivered)
Armour
 a - a +1 ring mail of fire resistance
 c - a +0 shield
 h - a +1 cloak (worn)
 q - a +1 helmet (worn)
 A - a +0 pair of boots (worn)
 D - a scarf of resistance
 G - a +0 ring mail of cold resistance
 L - a +0 pair of gloves of dexterity (worn)
 M - +0 shadow dragon scales (worn)
Jewellery
 g - an uncursed amulet of rage
 i - an uncursed ring of see invisible
 n - a +5 ring of strength (left hand)
 p - a +4 ring of strength (right hand)
 I - an uncursed ring of protection from fire
 Q - a +5 amulet of reflection (around neck)
Wands
 b - a wand of flame (60)
 w - a wand of enslavement (11)
 y - a wand of acid (43)
 H - a wand of paralysis (13)
 X - a wand of clouds (3)
Scrolls
 e - 3 scrolls of enchant armour
 j - 4 scrolls of fear
 k - 11 scrolls of teleportation
 o - 3 scrolls of magic mapping
 C - 4 scrolls of fog
 F - a scroll of holy word {unknown}
 O - 2 scrolls of remove curse
 T - a scroll of enchant weapon
 U - a scroll of silence
Potions
 d - 2 potions of might
 l - 4 potions of haste
 r - 3 potions of resistance
 s - 4 potions of flight
 u - 5 potions of curing
 v - 2 potions of agility
 x - 2 potions of mutation
 J - 3 potions of brilliance
Miscellaneous
 z - a phial of floods (inert)
Comestibles
 f - 43 rations


   Skills:
 - Level 5.0 Fighting
 + Level 26.0 Axes
 - Level 4.2 Armour
 - Level 3.2 Shields


You had 13 spell levels left.
You didn't know any spells.
Your spell library contained the following spells:

 Spells                   Type           Power        Failure   Level  Hunger
 Beastly Appendage        Tmut           #.....       88%         1    ##.....
 Corona                   Hex            #......      88%         1    ##.....
 Sandblast                Erth           #.....       88%         1    ##.....
 Ensorcelled Hibernation  Hex/Ice        #.....       95%         2    ###....
 Passwall                 Tmut/Erth      #.......     95%         2    ###....
 Sticks to Snakes         Tmut           #.......     95%         2    ###....
 Confuse                  Hex            #.......     99%         3    ####...
 Dazzling Spray           Conj/Hex       #.....       99%         3    ####...
 Spider Form              Tmut/Pois      #.........   99%         3    ####...
 Stone Arrow              Conj/Erth      #.....       99%         3    ####...
 Tukima's Dance           Hex            #.......     99%         3    ####...
 Ice Form                 Ice/Tmut       #.......     100%        4    #####..
 Petrify                  Tmut/Erth      #.......     100%        4    #####..
 Blade Hands              Tmut           #.........   100%        5    ######.
 Lee's Rapid Deconstruct  Erth           #.........   100%        5    ######.
 Metabolic Englaciation   Hex/Ice        #.........   100%        5    ######.
 Bolt of Cold             Conj/Ice       #.........   100%        6    #######
 Freezing Cloud           Conj/Ice/Air   #.........   100%        6    #######
 Ozocubu's Refrigeration  Ice            #.........   100%        6    #######
 Simulacrum               Ice/Necr       #.........   100%        6    #######


Dungeon Overview and Level Annotations

Branches:
Dungeon (11/15)            Temple (1/1) D:5            Lair (6/6) D:9
  Swamp (0/4) Lair:3       Spider (0/4) Lair:3        Sewer (visited)
  Slime: Lair:5-6       Orc: D:9-12

Altars:
Ashenzari
Cheibriados
Dithmenos
Elyvilon
Fedhas
Gozag
Hepliaklqana
Kikubaaqudgha
Makhleb
Nemelex Xobeh
Okawaru
Qazlal
Ru
Sif Muna
Trog
Uskayaw
Vehumet
Wu Jian
Xom
Yredelemnul
Zin
The Shining One

Annotations:
D:2 1 runed translucent door, Crazy Yiuf
D:8 3 runed translucent doors, FishyPogo's ghost, novice DrBe


Message History

The seven-headed hydra bites you but does no damage. x3
The seven-headed hydra bites you.
* * * LOW HITPOINT WARNING * * *
You block the seven-headed hydra's attack.
The seven-headed hydra barely misses you.
You climb upwards.
There is a stone staircase leading down, spattered with blood here.
Okay, then.
Blink to where?
Press: ? - help, Dir - move target cursor You are very lightly contaminated with residual magic.
As you read the scroll of blinking, it crumbles to dust.
The rime drake breathes ice at you. The flash freeze hits you!
* * * LOW HITPOINT WARNING * * *
You are encased in ice.
The ice encasing you melts away. The rime drake breathes ice at you.
The flash freeze hits you!
You die...

## #.# ###..##..#...# #####.
### #P..........## ##.##.+
##P.........####.....>
#........#.#....#....
##.........#........!.
#.........#...##...P..
#P........kD.P##......
#.........#.###.......
#...<@.....## ##...#..
#.........## #....#P
##...P...## #.#....
#.##.....# ###.... ####..#.##
##... ###...#.####### ###..
##...#...##.##.#####.#..
#####..>.....รท.......P.#....
#
#.##.+............##..<.....


You could see a seven-headed hydra and a rime drake.

Vanquished Creatures
  Fannar (Lair:2)
  Harold (D:7)
  3 hydras
  A two-headed ogre (D:10)
  Urug (D:11)
  A manticore (Lair:4)
  3 elephants
  Psyche (D:10)
  Joseph (D:7)
  6 black mambas
  8 spiny frogs
  A gargoyle (D:11)
  9 komodo dragons
  4 rime drakes
  A jumping spider (Lair:3)
  6 polar bears
  10 hippogriffs
  15 blink frogs
  2 dream sheep (Lair:4)
  2 redbacks (Lair:3)
  2 wyverns (Lair:6)
  4 hogs (D:9)
  A human (D:9)
  2 basilisks
  30 yaks
  6 vampire mosquitoes (Lair:3)
  Grum (D:8)
  A hell hound (Lair:6)
  7 porcupines
  11 water moccasins
  2 orc warriors
  3 sky beasts
  5 ice beasts
  8 black bears
  2 necrophages (D:7)
  7 wolves
  6 ogres
  5 centaurs
  8 crocodiles
  A big kobold (D:8)
  16 bullfrogs
  3 scorpions
  4 killer bees (D:7)
  4 howler monkeys
  2 wights (D:7)
  4 electric eels
  4 crimson imps
  2 centaur zombies
  A hound (D:10)
  5 jellies
  A bullfrog zombie (D:7)
  10 orc wizards
  5 orc priests
  2 quasits
  A bullfrog skeleton (D:11)
  4 centaur skeletons
  9 iguanas
  Jessica (D:2)
  7 worker ants
  A hound zombie (D:5)
  A hound skeleton (D:10)
  A mummy (D:7)
  Robin (D:2)
  3 gnolls (D:3)
  15 adders
  4 shadow imps
  7 oozes
  2 adder skeletons
  2 worms
  2 dart slugs
  13 leopard geckos
  33 orcs
  14 ball pythons
  9 giant cockroaches
  12 goblins
  12 hobgoblins
  8 jackals
  5 quokkas
  16 bats
  17 frilled lizards
  12 kobolds
  A leopard gecko skeleton (D:4)
  2 quokka skeletons (D:5)
  8 rats
  2 plants
  A withered plant (D:7)
478 creatures vanquished.

Vanquished Creatures (others)
  2 hydras
  A black mamba (Lair:4)
  A blink frog (Lair:4)
  A dream sheep (Lair:4)
  A yak (Lair:4)
  A water moccasin (Lair:6)
  19 fungi
  27 plants
53 creatures vanquished.

Grand Total: 531 creatures vanquished

Notes
Turn   | Place    | Note
-------+----------+-------------------------------------------
     0 | D:1      | Delamore the Hill Orc Fighter began the quest for the Orb.
     0 | D:1      | Reached XP level 1. HP: 19/19 MP: 1/1
   176 | D:1      | Reached skill level 3 in Axes
   495 | D:1      | Reached XP level 2. HP: 26/26 MP: 2/2
   538 | D:1      | Reached skill level 4 in Axes
  1208 | D:2      | Reached XP level 3. HP: 23/31 MP: 3/3
  1215 | D:2      | Reached skill level 5 in Axes
  1552 | D:2      | Reached XP level 4. HP: 39/39 MP: 4/4
  1582 | D:2      | Reached skill level 6 in Axes
  1818 | D:2      | Noticed Robin
  1823 | D:2      | Killed Robin
  1950 | D:2      | Noticed Jessica
  1958 | D:2      | Killed Jessica
  1958 | D:2      | Reached XP level 5. HP: 45/45 MP: 5/5
  2164 | D:2      | Found a runed translucent door.
  2165 | D:2      | Noticed Crazy Yiuf
  2436 | D:3      | Reached skill level 7 in Axes
  2458 | D:3      | Found a bloodstained altar of Trog.
  2666 | D:3      | Found an ancient bone altar of Kikubaaqudgha.
  2751 | D:3      | Found a bloodstained altar of Trog.
  2872 | D:4      | Found an ornate altar of the Wu Jian Council.
  2893 | D:4      | Noticed an ogre
  2903 | D:4      | Killed an ogre
  2903 | D:4      | Reached skill level 8 in Axes
  2903 | D:4      | Reached XP level 6. HP: 20/51 MP: 6/6
  3422 | D:4      | Reached skill level 9 in Axes
  3471 | D:4      | Reached XP level 7. HP: 57/57 MP: 7/7
  3783 | D:4      | Reached skill level 10 in Axes
  4002 | D:5      | Entered Level 5 of the Dungeon
  4081 | D:5      | Found a glowing drain.
  4119 | Sewer    | Entered a sewer
  4565 | Sewer    | Reached skill level 11 in Axes
  4700 | D:5      | Reached XP level 8. HP: 43/64 MP: 8/8
  4858 | D:5      | Reached skill level 12 in Axes
  5091 | D:5      | Found a staircase to the Ecumenical Temple.
  5097 | Temple   | Entered the Ecumenical Temple
  5518 | D:5      | Found a hazy altar of Hepliaklqana.
  5657 | D:5      | Found a stormy altar of Qazlal.
  5677 | D:5      | Found an iron altar of Okawaru.
  5677 | D:5      | Found a sparkling altar of Nemelex Xobeh.
  5678 | D:5      | Found a glowing silver altar of Zin.
  5686 | D:5      | Became a worshipper of Warmaster Okawaru
  6025 | D:6      | Found a shimmering altar of Xom.
  6125 | D:6      | Reached skill level 13 in Axes
  6259 | D:6      | Found a transporter.
  6278 | D:6      | Found a transporter.
  6513 | D:5      | Reached * piety under Okawaru
  6728 | D:6      | Reached skill level 14 in Axes
  6728 | D:6      | Reached XP level 9. HP: 66/70 MP: 9/9
  8074 | D:7      | Reached skill level 15 in Axes
  8101 | D:7      | Reached ** piety under Okawaru
  8404 | D:7      | Reached skill level 16 in Axes
  8794 | D:7      | Found a shattered altar of Ashenzari.
  8798 | D:7      | Reached *** piety under Okawaru
  8817 | D:7      | Noticed Joseph
  8836 | D:7      | Killed Joseph
  8836 | D:7      | Reached skill level 17 in Axes
  8836 | D:7      | Reached XP level 10. HP: 23/76 MP: 10/10
  9083 | D:7      | Noticed Harold
  9107 | D:7      | Killed Harold
  9615 | D:8      | Noticed Grum
  9619 | D:8      | Reached skill level 18 in Axes
  9631 | D:8      | Killed Grum
  9631 | D:8      | Reached **** piety under Okawaru
 10024 | D:8      | Found a runed translucent gate.
 10025 | D:8      | Found a runed translucent gate.
 10025 | D:8      | Noticed a ten-headed hydra
 10026 | D:8      | Found a runed translucent gate.
 10031 | D:8      | Noticed FishyPogo's ghost (novice DrBe)
 10577 | D:9      | Found a staircase to the Lair.
 11133 | D:9      | Found a sparkling altar of Nemelex Xobeh.
 11143 | D:9      | Reached skill level 19 in Axes
 11446 | D:9      | Reached ***** piety under Okawaru
 11449 | D:9      | Reached XP level 11. HP: 55/81 MP: 11/11
 11506 | D:10     | Entered Level 10 of the Dungeon
 11627 | D:10     | Noticed Psyche
 11636 | D:10     | Killed Psyche
 12169 | D:10     | Noticed a two-headed ogre
 12175 | D:10     | Killed a two-headed ogre
 12175 | D:10     | Reached skill level 20 in Axes
 12893 | D:11     | Received a gift from Okawaru
 13422 | D:11     | Noticed Urug
 13451 | D:11     | Killed Urug
 13451 | D:11     | Reached skill level 21 in Axes
 13895 | Lair:1   | Entered Level 1 of the Lair of Beasts
 14009 | Lair:1   | Reached ****** piety under Okawaru
 14011 | Lair:1   | Received a gift from Okawaru
 14378 | Lair:1   | Reached XP level 12. HP: 54/89 MP: 12/12
 14723 | Lair:1   | Reached skill level 22 in Axes
 15579 | Lair:2   | Noticed Fannar
 15645 | Lair:2   | Killed Fannar
 15880 | Lair:2   | Reached skill level 23 in Axes
 16288 | Lair:2   | Received a gift from Okawaru
 16445 | Lair:3   | Found a hole to the Spider Nest.
 16458 | Lair:3   | Reached skill level 5 in Fighting
 16507 | Lair:3   | Noticed a six-headed hydra
 16517 | Lair:3   | Banished a seven-headed hydra
 16822 | Lair:3   | Found a staircase to the Swamp.
 17625 | Lair:4   | Reached XP level 13. HP: 99/99 MP: 13/13
 17700 | Lair:4   | Reached skill level 24 in Axes
 18709 | Lair:4   | Received a gift from Okawaru
 19673 | Lair:5   | Reached skill level 25 in Axes
 20565 | Lair:6   | Entered Level 6 of the Lair of Beasts
 20570 | Lair:6   | Received a gift from Okawaru
 21243 | Lair:6   | Reached skill level 26 in Axes
 21243 | Lair:6   | Reached XP level 14. HP: 23/107 MP: 14/14
 21500 | Lair:5   | HP: 4/107 [rime drake/flash freeze (7)]
 21503 | Lair:5   | Killed from afar by a rime drake

Levels and vault maps discovered:
D:1:      dpeg_arrival_circle_labyrinth_c, layout_loops_corners
D:2:      layout_basic, first_ration, uniq_crazy_yiuf_cottage, uniq_jessica,
          uniq_robin
D:3:      cheibrodos_old_hovel, layout_rooms, lemuel_doored_altar,
          marbit_many_paths, trog_three_pillars_becter
D:4:      layout_loops_corners, nicolae_overflow_crystal_walls
D:5:      layout_gridville, kennysheep_little_box, grunt_temple_overflow_open,
          minmay_temple_entry_gardened_gates, gup_sewer_entry_glass
D:6:      gammafunk_steamed_eel, layout_loops_ring, xom_teletrap_fun
D:7:      layout_basic, evilmike_ruin_ashenzari, serial_undead, serial_undead_e,
          serial_undead_d, serial_undead_b, serial_undead_d, uniq_joseph,
          uniq_harold
D:8:      layout_loops_ring, gammafunk_ghost_hydra_chop, uniq_grum
D:9:      layout_stronghold, lair_entry_dummy, basic_altar, grunt_livestock
D:10:     layout_basic, roderic_lattice_a, uniq_psyche
D:11:     layout_roguey, uniq_urug
Temple:   minmay_temple_forest_path
Lair:1:   beast_lair_carwin_large_1, layout_loops_ring, st_stairs_8
Lair:2:   beast_lair_carwin_large_3, layout_misc_corridors, uniq_fannar
Lair:3:   layout_regular_city, minmay_swamp_entry_swarm,
          nicolae_spider_entry_tight_spaces, serial_bayou_shore_b,
          serial_bayou_shore_a
Lair:4:   layout_concentric_octagons, minmay_shattered_shrine,
          infiniplex_staircase_pool_2
Lair:5:   layout_roguey, grunt_megastairs_4
Lair:6:   due_jungle_book, layout_cave_pods, minmay_slime_entry_oklob_enclosed,
          special_room [special_room_mythical_zoo], serial_bayou_shore_b,
          grunt_megastairs_5

Skill      XL: |  1  2  3  4  5  6  7  8  9 10 11 12 13 |
---------------+----------------------------------------+-----
Axes           | 3 4 5 6 8 9 11 14 17 19 21 23 26 | 26.0
Fighting       | 5 |  5.0
Armour         | 4 |  4.2
Shields        | |  3.2

Action                   |  1- 3 |  4- 6 |  7- 9 | 10-12 | 13-15 || total
-------------------------+-------+-------+-------+-------+-------++-------
Melee: War axe           |   148 |   163 |   496 |   584 |       ||  1391
       Executioner's axe |       |       |       |    72 |    80 ||   152
       Battleaxe         |       |       |       |       |    94 ||    94
       Hand axe          |       |       |       |       |    73 ||    73
Throw: Dart              |       |       |       |       |     1 ||     1
Evoke: Wand              |       |       |     2 |     3 |     4 ||     9
       Phial of floods   |       |       |       |       |     1 ||     1
  Use: Scroll            |       |       |    14 |    12 |     2 ||    28
       Potion            |       |       |     1 |     1 |     9 ||    11
 Stab: Sleeping          |       |       |       |     4 |       ||     4
       Distracted        |       |       |       |     1 |       ||     1
  Eat: Chunk             |     2 |     6 |    15 |    26 |    13 ||    62
       Ration            |       |       |     1 |       |       ||     1
Armor: Scale mail        |   101 |    72 |   142 |       |       ||   315
       Ring mail         |       |       |    28 |    10 |       ||    38
       Plate armour      |       |       |    13 |    83 |       ||    96
       Shadow dragon sca |       |       |       |   180 |   181 ||   361
Dodge: Dodged            |    55 |    59 |   121 |   117 |   115 ||   467
Block: Shield            |    89 |    82 |   208 |   304 |       ||   683
       Reflection        |       |       |       |     1 |       ||     1
       Other             |       |       |       |    11 |    57 ||    68
